 Dungeon Crawl Stone Soup version 0.26.1-2-gb8aa6d0cf2 (webtiles) character file.

Game seed: 7113291362618617516

2036 Dustman the Skirmisher (level 9, 0/92 HPs)
             Began as an Ogre Transmuter on Mar 22, 2021.
             Killed from afar by an electric eel (3 damage)
             ... with a bolt of electricity
             ... on level 8 of the Dungeon.
             The game lasted 01:12:39 (5628 turns).

Dustman the Skirmisher (Ogre Transmuter)            Turns: 5628, Time: 01:12:39

Health: 0/92       AC:  3    Str: 15 (16) XL:     9   Next: 24%
Magic:  18/18      EV: 11    Int: 14      God:
Gold:   55         SH:  0    Dex: 10 (12) Spells: 15/20 levels left

rFire    + . .     SeeInvis .     - Unarmed
rCold    + . .     Faith    .   (no shield)
rNeg     + . .     Spirit   .   a - +0 robe
rPois    +         Reflect  .   (helmet restricted)
rElec    +         Harm     .   (no cloak)
rCorr    +         Rampage  .   (gloves unavailable)
Will     .....                  (boots unavailable)
Stlth    +.........             (no amulet)
HPRegen  0.25/turn              z - ring of positive energy
MPRegen  0.16/turn              l - ring of wizardry

@: resistant
A: large, unfitting armour, tough skin 1
a: no special abilities


You were on level 8 of the Dungeon.
You visited 2 branches of the dungeon, and saw 9 of its levels.

You collected 385 gold pieces.
You spent 330 gold pieces at shops.

Inventory:

Missiles
 n - 7 javelins
 p - 7 curare-tipped darts
 u - 6 boomerangs (quivered)
Armour
 a - a +0 robe (worn)
 f - a scarf of harm
Jewellery
 b - an uncursed ring of resist corrosion
 l - a ring of wizardry (right hand)
 z - a ring of positive energy (left hand)
Wands
 q - a wand of acid (10)
 s - a wand of polymorph (6)
 v - a wand of random effects (11)
 y - a wand of iceblast (7)
Scrolls
 c - 2 scrolls of fog {unknown}
 d - 2 scrolls of blinking {unknown}
 e - 3 scrolls of enchant armour {unknown}
 g - a scroll of immolation
 h - 3 scrolls of enchant weapon {unknown}
 i - 2 scrolls of noise {unknown}
 r - 2 scrolls of amnesia
 B - a scroll of acquirement
Potions
 j - a potion of flight
 k - 4 potions of resistance
 m - 2 potions of attraction
 o - a potion of curing
 t - a potion of haste
 w - 3 potions of brilliance


   Skills:
 + Level 6.6 Fighting
 - Level 4.8 Dodging
 * Level 6.0 Unarmed Combat
 + Level 6.1 Spellcasting
 + Level 1.6 Summonings
 + Level 4.8 Transmutations


You had 15 spell levels left.
You knew the following spells:

 Your Spells              Type           Power        Failure   Level
a - Beastly Appendage     Tmut           34%          1%          1
b - Wereblood             Tmut           17%          1%          2
c - Call Imp              Summ           8%           4%          2

Your spell library contained the following spells:

 Spells                   Type           Power        Failure   Level
 Summon Small Mammal      Summ           32%          3%          1
 Spider Form              Tmut/Pois      5%           7%          3
 Call Canine Familiar     Summ           8%           10%         3
 Summon Guardian Golem    Hex/Summ       6%           14%         3
 Ice Form                 Ice/Tmut       11%          22%         4
 Blade Hands              Tmut           8%           24%         5
 Summon Ice Beast         Ice/Summ       6%           41%         4
 Summon Lightning Spire   Summ/Air       6%           41%         4


Dungeon Overview and Level Annotations

Branches:
Dungeon (8/15)             Temple (1/1) D:6
   Lair: D:8-11

Altars:
Ashenzari
Cheibriados
Dithmenos
Elyvilon
Fedhas
Gozag
Hepliaklqana
Kikubaaqudgha
Makhleb
Nemelex Xobeh
Okawaru
Qazlal
Ru
Sif Muna
Trog
Uskayaw
Vehumet
Wu Jian
Xom
Yredelemnul
Zin
The Shining One

Shops:
D:6 =   D:7 :

Annotations:
D:3 Natasha
D:4 Pikel
D:5 Prince Ribbit
D:7 1 runed translucent door, Crazy Yiuf


Innate Abilities, Weirdness & Mutations

You are too large for most types of armour.
You have tough skin. (AC +1)


Message History

Press: ? - help, Shift-Dir - straight line The bolt of acid hits the ogre!
The ogre is splashed with acid.
The acid corrodes the ogre!
The ogre is severely wounded.
Aiming: Corrosive Bolt
Press: ? - help, Shift-Dir - straight line The bolt of acid hits the ogre!
The ogre is splashed with acid!
The ogre seems to be corroded for longer.
You kill the ogre!
The electric eel shoots out a bolt of lightning at you!
The bolt of electricity hits you. You resist.
* * * LOW HITPOINT WARNING * * *
The electric eel shoots out a bolt of lightning at you!
The bolt of electricity hits you. You resist.
* * * LOW HITPOINT WARNING * * *
You feel your strength returning.
Your Unarmed Combat skill increases to level 6!
The electric eel shoots out a bolt of lightning at you!
The bolt of electricity hits you. You resist.
You die...

#.. ........#
#.. ........#
#.. ........#
#.. ........#
#.. ......# #..
....######## #./
#.........## #.#
#.@.........
#.........#.
#....)......
#...........
.............;.
..............≈
...........≈≈≈≈≈
............;≈≈≈
.......>..≈≈≈≈≈≈


You could see an electric eel.

Vanquished Creatures
  An ice beast (D:7)
  A sky beast (D:6)
  3 ogres
  A big kobold (D:7)
  2 bullfrogs
  A scorpion (D:4)
  5 wights (D:7)
  A centaur zombie (D:7)
  A quasit (D:7)
  6 hounds
  2 jellies
  9 orc wizards
  4 orc priests
  2 iguanas
  5 worker ants
  A hound skeleton (D:6)
  8 adders
  2 howler monkey skeletons
  2 shadow imps
  2 white imps (D:5)
  An ooze (D:5)
  3 adder skeletons
  A dart slug (D:3)
  2 worms (D:2)
  6 leopard geckos
  32 orcs
  2 ball pythons
  4 giant cockroaches
  8 goblins
  5 hobgoblins
  15 jackals
  16 kobolds
  2 quokkas
  5 bats
  2 frilled lizards
  A jackal skeleton (D:4)
  7 rats
171 creatures vanquished.

Vanquished Creatures (others)
  2 plants (D:2)
2 creatures vanquished.

Grand Total: 173 creatures vanquished

Notes
Turn   | Place    | Note
-------+----------+-------------------------------------------
     0 | D:1      | Dustman the Ogre Transmuter began the quest for the Orb.
     0 | D:1      | Reached XP level 1. HP: 19/19 MP: 3/3
   117 | D:1      | Reached XP level 2. HP: 13/28 MP: 5/5
   359 | D:2      | Reached XP level 3. HP: 11/35 MP: 7/7
   382 | D:2      | HP: 1/35 [quokka (3)]
   391 | D:2      | HP: 1/35 [quokka (3)]
   499 | D:1      | Found a broken altar of Ashenzari.
   547 | D:1      | Reached XP level 4. HP: 32/44 MP: 8/8
   804 | D:4      | Noticed a bullfrog
  1086 | D:3      | Reached XP level 5. HP: 17/53 MP: 10/10
  1110 | D:3      | Found a faded altar of an unknown god.
  1215 | D:3      | Noticed Natasha
  1673 | D:3      | Learned a level 2 spell: Wereblood
  1703 | D:3      | Reached XP level 6. HP: 25/61 MP: 9/11
  2134 | D:4      | Reached XP level 7. HP: 23/70 MP: 13/13
  2740 | D:4      | Noticed Pikel
  2768 | D:5      | Entered Level 5 of the Dungeon
  3135 | D:6      | Found a staircase to the Ecumenical Temple.
  3174 | D:6      | Reached skill level 5 in Fighting
  3198 | Temple   | Entered the Ecumenical Temple
  3431 | D:6      | Reached skill level 5 in Spellcasting
  3431 | D:6      | Reached XP level 8. HP: 44/80 MP: 15/15
  3510 | D:7      | Found an ancient bone altar of Kikubaaqudgha.
  4374 | D:7      | Reached skill level 5 in Unarmed Combat
  4409 | D:7      | Found a runed translucent door.
  4410 | D:7      | Noticed Crazy Yiuf
  4574 | D:7      | Found Izio's Book Shoppe.
  4579 | D:7      | Bought a book of Callings for 330 gold pieces
  4600 | D:7      | Learned a level 2 spell: Call Imp
  4755 | D:6      | Found Irhegox's Jewellery Shoppe.
  4777 | D:5      | Noticed Prince Ribbit
  4821 | D:5      | HP: 4/83 [Prince Ribbit (14)]
  5145 | D:7      | Reached skill level 1 in Summonings
  5145 | D:7      | Reached XP level 9. HP: 29/89 MP: 17/17
  5146 | D:7      | Identified a scroll of acquirement
  5622 | D:8      | HP: 2/92 [wolf (9)]
  5627 | D:8      | HP: 3/92 [electric eel/bolt of electricity (3)]
  5628 | D:8      | Killed from afar by an electric eel

Illustrated notes

Levels and vault maps discovered:
D:1:      onia_arrival_mini_maze_b, layout_basic, ashenzari_altar_1
D:2:      layout_rooms, ebering_dispersal_statue_hall, st_stairs_2,
          serial_bayou_crossing
D:3:      layout_basic, chequers_ecumenical_altar_simple, minmay_crystal_room,
          uniq_natasha
D:4:      layout_cave_pools, uniq_pikel
D:5:      layout_loops_ring, uniq_prince_ribbit1
D:6:      layout_rooms, minmay_temple_entry_steel_oval, serial_shops, shop
D:7:      layout_gridville, overflow_temple_1_default, serial_shops,
          kennysheep_little_box, kennysheep_generic_room_8,
          uniq_crazy_yiuf_cottage
D:8:      layout_gridville, erik_lair_island, serial_shops, shop,
          chequers_big_river, minmay_fractal_squares_diagonal_5
Temple:   kilobyte_greek_temple

Skill      XL: |  1  2  3  4  5  6  7  8  9 |
---------------+----------------------------+-----
Dodging        | 2 3 4 |  4.8
Transmutations | 2 3 4 |  4.8
Fighting       | 2 3 4 5 6 |  6.6
Unarmed Combat | 3 4 5 6 |  6.0
Spellcasting   | 3 4 5 6 |  6.1
Summonings     | 1 |  1.6

Action                   |  1- 3 |  4- 6 |  7- 9 || total
-------------------------+-------+-------+-------++-------
Melee: Unarmed           |   142 |   162 |   332 ||   636
       Kick              |       |    30 |    74 ||   104
       Headbutt          |       |    15 |    50 ||    65
       Punch             |       |     2 |     5 ||     7
Throw: Javelin           |       |       |     4 ||     4
       Boomerang         |       |       |     3 ||     3
 Cast: Beastly Appendage |       |    24 |    40 ||    64
       Wereblood         |       |     2 |     2 ||     4
       Call Imp          |       |       |     3 ||     3
Evoke: Wand              |       |     1 |    25 ||    26
  Use: Potion            |     4 |     1 |    10 ||    15
       Scroll            |       |     5 |     5 ||    10
 Stab: Sleeping          |     1 |     1 |       ||     2
Armor: Robe              |    35 |    26 |    57 ||   118
Dodge: Dodged            |    87 |   103 |   177 ||   367
